 Dungeon Crawl Stone Soup version 0.21-a0-625-g1119ec1 (webtiles) character file.

16 Klosterheim the Charmwright (level 2, -2/19 HPs)
             Began as a Halfling Skald on Dec 25, 2017.
             Slain by a gnoll
             ... wielding a +0 club
              (6 damage)
             ... on level 1 of the Dungeon.
             The game lasted 00:00:45 (253 turns).

Klosterheim the Charmwright (Halfling Skald)         Turns: 253, Time: 00:00:46

Health: -2/19      AC:  4    Str: 12    XL:     2   Next: 70%
Magic:  2/4        EV: 14    Int: 11    God:
Gold:   12         SH:  0    Dex: 13    Spells: 3/4 levels left

rFire    . . .     SeeInvis .   a - +0 falchion
rCold    . . .     Gourm    .   (shield restricted)
rNeg     . . .     Faith    .   b - +0 leather armour
rPois    .         Spirit   .   (no helmet)
rElec    .         Reflect  .   e - +0 cloak
rCorr    .         Harm     .   (no gloves)
MR       .....                  (no boots)
Stlth    +.........             (no amulet)
HPRegen  0.06/turn              (no ring)
MPRegen  0.09/turn              (no ring)

@: infused
A: small, mutation resistance 1
a: no special abilities


You were on level 1 of the Dungeon.
You were not hungry.

You visited 1 branch of the dungeon, and saw 1 of its levels.

You collected 12 gold pieces.

Inventory:

Hand Weapons
 a - a +0 falchion (weapon)
Armour
 b - a +0 leather armour (worn)
 e - a +0 cloak (worn)
Scrolls
 g - a scroll of immolation {unknown}
 i - a scroll of remove curse {unknown}
 j - a scroll of teleportation {unknown}
 k - 2 scrolls of identify {unknown}
Potions
 h - a potion of flight {unknown}
Books
 c - a book of Battle

   Spells                             Type                      Level
   a - Infusion                       Charms                       1
   b - Shroud of Golubria             Charms/Translocation         2
   c - Song of Slaying                Charms                       2
   d - Spectral Weapon                Hexes/Charms                 3
   e - Regeneration                   Charms/Necromancy            3
Comestibles
 d - 4 rations
 f - 5 chunks of flesh


   Skills:
 - Level 1.7 Fighting
 * Level 2.7 Long Blades
 - Level 1.1 Armour
 - Level 2.1 Dodging
 - Level 1.5 Spellcasting
 + Level 3.6 Charms


You had 3 spell levels left.
You knew the following spells:

 Your Spells              Type           Power        Failure   Level  Hunger
a - Infusion              Chrm           #...         9%          1    ##.....


Dungeon Overview and Level Annotations

Branches:
Dungeon (1/15)

Altars:
Xom


Innate Abilities, Weirdness & Mutations

You are small and have problems with some larger weapons.
You are somewhat resistant to further mutation.


Message History

A gnoll comes into view. It is wielding a club.
The gnoll shouts!
You hear a shout!
You see here a rat corpse.
A gnoll is nearby!
A gnoll is nearby!
A gnoll is nearby!
The gnoll hits you with a club.
Casting: Infusion
Confirm with . or Enter, or press ? or * to list all spells.
You begin infusing your attacks with magical energy.
The gnoll completely misses you. The gnoll hits you with a club.
* * * LOW HITPOINT WARNING * * *
You closely miss the gnoll. The gnoll misses you.
You barely miss the gnoll. The gnoll misses you.
A goblin comes into view. It is wielding a dagger.
You hit the gnoll.
The gnoll is heavily wounded.
The gnoll hits you with a club.
You die...

...## # .... . # #. ... ..#
.#... .#.# ####### # .#.#
... .P≈≈≈≈≈≈≈≈≈ #.#..##.#
##.P≈≈≈≈≈≈≈P
#.......#.##..P≈≈≈≈≈P.
####†.....##...P≈≈≈P..
#....@..........P≈P...
#.##.#g.####.....P....
#.##..g...............
#.##..###........<....
##.###.# ............
##......###........P....
.###.###.#...........P≈P...
..........###.###...P≈≈≈P..
##........# ....P≈≈≈≈≈P.


You could see a gnoll and a goblin.

Vanquished Creatures
  A leopard gecko (D:1)
  A giant cockroach (D:1)
  2 goblins (D:1)
  2 hobgoblins (D:1)
  A kobold (D:1)
  2 bats (D:1)
  6 rats (D:1)
15 creatures vanquished.

Notes
Turn   | Place    | Note
-------+----------+-------------------------------------------
     0 | D:1      | Klosterheim the Halfling Skald began the quest for the Orb.
     0 | D:1      | Reached XP level 1. HP: 14/14 MP: 3/3
     3 | D:1      | Found a shimmering altar of Xom.
   149 | D:1      | Reached XP level 2. HP: 17/19 MP: 4/4
   253 | D:1      | Slain by a gnoll

Vault maps used:
D:1:      eino_arrival_druids_welcome, xom_teletrap_fun

Action                   || total
-------------------------++-------
Melee: Falchion          ||    42
 Cast: Infusion          ||     1
Armor: Leather armour    ||    11
Dodge: Dodged            ||    29
       Rpst.: Falchion   ||    10

Table legend:
 A = Spawn XP
 B = Non-spawn XP
 C = Spawn XP percentage of total XP
 D = Spawn monster count
 E = Non-spawn monster count
 F = Spawn count percentage of total count
 G = Total turns spent on level
                    A         B        C        D         E        F      G
               +---------+---------+-------+---------+---------+-------+---------
         Total |       0 |      23 |   0.0 |       0 |      15 |   0.0 |   253
               +---------+---------+-------+---------+---------+-------+---------
           D:1 |       0 |      23 |   0.0 |       0 |      15 |   0.0 |   253
               +---------+---------+-------+---------+---------+-------+---------
